 Dungeon Crawl Stone Soup version 0.25-a0-413-g3b4b6a4ccc (webtiles) character file.

Game seed: 16764508408067867187, levelgen mode: deterministic

161 pk666 the Magician (level 5, -1/28 HPs)
             Began as a Deep Elf Wizard on Jan 16, 2020.
             Slain by an orc priest
             ... wielding a +0 trident
              (7 damage)
             ... on level 3 of the Dungeon.
             The game lasted 00:05:26 (3410 turns).

pk666 the Magician (Deep Elf Wizard)                Turns: 3410, Time: 00:05:26

Health: -1/28      AC:  3    Str:  4    XL:     5   Next: 19%
Magic:  0/14       EV: 13    Int: 24    God:
Gold:   81         SH:  0    Dex: 13    Spells: 3/14 levels left

rFire    . . .     SeeInvis .   e - +1 dagger
rCold    . . .     Gourm    .   (no shield)
rNeg     . . .     Faith    .   a - +0 robe
rPois    .         Spirit   .   b - +0 hat
rElec    .         Reflect  .   (no cloak)
rCorr    .         Harm     .   (no gloves)
MR       .....                  k - +0 pair of boots
Stlth    ++........             l - amulet of inaccuracy
HPRegen  0.09/turn              (no ring)
MPRegen  0.14/turn              (no ring)

@: no status effects
A: no striking features
a: no special abilities


You were on level 3 of the Dungeon.
You were very hungry.

You visited 1 branch of the dungeon, and saw 3 of its levels.

You collected 81 gold pieces.

Inventory:

Hand Weapons
 e - a +1 dagger (weapon)
Armour
 a - a +0 robe (worn)
 b - a +0 hat (worn)
 k - a +0 pair of boots (worn)
Jewellery
 l - an amulet of inaccuracy (around neck)
Scrolls
 f - 2 scrolls of identify
 i - a scroll of magic mapping
Potions
 c - a potion of cancellation
 g - 2 potions of curing
 h - a potion of resistance {unknown}
 j - a potion of heal wounds {unknown}
 n - a potion of mutation {unknown}
Comestibles
 d - 3 rations


   Skills:
 - Level 3.2 Dodging
 - Level 2.4 Stealth
 + Level 5.4 Spellcasting
 + Level 2.7 Conjurations
 - Level 2.0 Summonings
 - Level 1.1 Translocations
 + Level 1.3 Fire Magic
 + Level 1.2 Air Magic
 + Level 1.4 Poison Magic


You had 3 spell levels left.
You knew the following spells:

 Your Spells              Type           Power        Failure   Level  Hunger
a - Magic Dart            Conj           ###.         2%          1    None
b - Blink                 Tloc           N/A          9%          2    None
c - Conjure Flame         Conj/Fire      ###.....     11%         3    #......
d - Mephitic Cloud        Conj/Pois/Air  ###.....     12%         3    #......
e - Call Imp              Summ           ###.....     5%          2    None

Your spell library contained the following spells:

 Spells                   Type           Power        Failure   Level  Hunger
 Slow                     Hex            #.......     13%         2    None


Dungeon Overview and Level Annotations

Branches:
Dungeon (3/15)

Altars:


Message History

You miss the orc.
The orc is almost dead.
The hobgoblin hits your crimson imp but does no damage.
The orc hits something but does no damage.
The orc priest barely misses you. The orc barely misses you.
Your crimson imp hits the hobgoblin.
You are feeling very hungry.
You completely miss the orc.
The orc is almost dead.
The hobgoblin misses your crimson imp.
The orc hits something with a +0 falchion.
The orc priest closely misses you.
Your crimson imp closely misses the hobgoblin.
The orc closely misses you.
You barely miss the orc.
The orc is almost dead.
The hobgoblin closely misses your crimson imp.
Your crimson imp closely misses the hobgoblin.
The orc priest hits you from afar with a +0 trident!
You die...

#o# #... ... ..# ####
#.# #.# ####### #)#
#.# #....). ')' #.#
#.####. ###†##+#.#
#.####. .......o.#
#.##.<. ####.##'#o#
#.##.#. #8@#.#..#.#
#.##.#.
#.o5go..#.###.##.#.
#.####o####.##.......
#......).o.....###.##
#############..# #.##
##.# #.## #.###.##
#......> #####[##


You could see an orc priest, 2 orcs, a hobgoblin and a friendly crimson imp.

Vanquished Creatures
  An orc wizard (D:3)
  Natasha (D:2)
  A worker ant (D:2)
  3 adders
  3 dart slugs
  4 leopard geckos
  An orc (D:3)
  5 giant cockroaches
  3 goblins (D:1)
  8 hobgoblins
  A ball python (D:2)
  4 bats
  3 frilled lizards
  5 kobolds
  8 rats
51 creatures vanquished.

Notes
Turn   | Place    | Note
-------+----------+-------------------------------------------
     0 | D:1      | pk666 the Deep Elf Wizard began the quest for the Orb.
     0 | D:1      | Reached XP level 1. HP: 10/10 MP: 7/7
   203 | D:1      | Reached XP level 2. HP: 9/15 MP: 1/9
  1099 | D:2      | Reached skill level 5 in Spellcasting
  1099 | D:2      | Reached XP level 3. HP: 13/19 MP: 5/11
  1135 | D:2      | Learned a level 2 spell: Blink
  1139 | D:2      | Learned a level 3 spell: Conjure Flame
  1143 | D:2      | Learned a level 3 spell: Mephitic Cloud
  1146 | D:2      | Learned a level 2 spell: Call Imp
  1559 | D:2      | Reached XP level 4. HP: 21/24 MP: 0/13
  2235 | D:3      | Noticed Natasha
  2661 | D:2      | Killed Natasha
  2661 | D:2      | Reached skill level 1 in Poison Magic
  2803 | D:3      | Reached skill level 1 in Fire Magic
  2803 | D:3      | Reached skill level 1 in Air Magic
  3383 | D:3      | Reached XP level 5. HP: 25/28 MP: 2/14
  3410 | D:3      | Slain by an orc priest

Levels and vault maps discovered:
D:1:      minmay_arrival_stair_chambers, layout_loops_ring, st_stairs_5
D:2:      minmay_recursive_quarters, layout_basic, first_ration
D:3:      minmay_door_path, layout_loops_corners, serial_forest,
          infiniplex_forest_lined_room_, infiniplex_forest_clump_double,
          infiniplex_forest_straight_2, infiniplex_forest_clump_large,
          infiniplex_forest_clump_large, infiniplex_forest_lined_2, uniq_natasha

Skill      XL: |  1  2  3  4 |
---------------+-------------+-----
Dodging        | 3 |  3.2
Conjurations   | 2 |  2.7
Spellcasting   | 5 |  5.4
Poison Magic   | 1 |  1.4
Fire Magic     | 1 |  1.3
Air Magic      | 1 |  1.2
Summonings     | 2 |  2.0
Stealth        | |  2.4
Translocations | |  1.1

Action                   |  1- 3 |  4- 6 || total
-------------------------+-------+-------++-------
Melee: Dagger            |     2 |     4 ||     6
 Cast: Magic Dart        |    83 |    57 ||   140
       Call Imp          |       |     6 ||     6
       Mephitic Cloud    |       |     3 ||     3
       Conjure Flame     |       |     1 ||     1
       Blink             |       |     1 ||     1
  Use: Scroll            |     3 |     2 ||     5
       Potion            |       |     1 ||     1
  Eat: Chunk             |       |     3 ||     3
       Ration            |       |     1 ||     1
Armor: Robe              |       |     3 ||     3
Dodge: Dodged            |    13 |    15 ||    28

Table legend:
 A = Non-vault XP
 B = Vault XP
 C = Vault XP percentage of total XP
 D = Non-vault monster count
 E = Vault monster count
 F = Vault count percentage of total count
                 A         B        C        D         E       F
            +---------+---------+-------+---------+---------+-------
      Total |     168 |      63 |  27.3 |      43 |       8 |  15.7
            +---------+---------+-------+---------+---------+-------
        D:1 |      33 |       6 |  15.4 |      21 |       2 |   8.7
        D:2 |      62 |      40 |  39.2 |      11 |       3 |  21.4
        D:3 |      73 |      17 |  18.9 |      11 |       3 |  21.4
            +---------+---------+-------+---------+---------+-------
